 Dungeon Crawl Stone Soup version 0.23-a0-183-gf37f6fb (webtiles) character file.

86 Scuka the Cudgeler (level 4, 28/28 HPs)
             Began as a Gargoyle Fighter on Sept 23, 2018.
             Got out of the dungeon alive.
             The game lasted 00:01:32 (1352 turns).

Scuka the Cudgeler (Gargoyle Fighter)               Turns: 1352, Time: 00:01:32

Health: 28/28      AC: 12    Str: 21    XL:     4   Next: 50%
Magic:  4/4        EV:  5    Int:  8    God:
Gold:   114        SH:  9    Dex:  9    Spells: 3/3 levels left

rFire    . . .     SeeInvis .   q - -3 flail (curse)
rCold    . . .     Gourm    .   c - +0 shield
rNeg     + . .     Faith    .   i - +0 chain mail
rPois    ∞         Spirit   .   (no helmet)
rElec    +         Reflect  .   (no cloak)
rCorr    .         Harm     .   (no gloves)
MR       .....                  (no boots)
Stlth    ..........             (no amulet)
HPRegen  0.09/turn              (no ring)
MPRegen  0.09/turn              (no ring)

@: no status effects
A: negative energy resistance 1, electricity resistance, unbreathing,
petrification resistance, rot immunity, AC +3
a: no special abilities


You escaped.
You were not hungry.

You visited 1 branch of the dungeon, and saw 2 of its levels.

You collected 114 gold pieces.

Inventory:

Hand Weapons
 a - a +0 flail
 k - a +1 mace of protection
 q - a cursed -3 flail (weapon)
Armour
 c - a +0 shield (worn)
 i - a +0 chain mail (worn)
Scrolls
 h - a scroll of fog
 j - a scroll of teleportation
 n - a scroll of blinking {unknown}
 o - a scroll of enchant armour
Potions
 d - a potion of might
 e - a potion of cancellation {unknown}
 g - a potion of resistance {unknown}
 l - a potion of curing {unknown}
 m - a potion of haste {unknown}
Comestibles
 f - 2 rations
 p - 2 chunks of flesh


   Skills:
 - Level 3.2 Fighting
 + Level 4.6 Maces & Flails
 - Level 3.2 Armour
 - Level 3.2 Shields


You had 3 spell levels left.
You didn't know any spells.
Your spell library was empty.

Dungeon Overview and Level Annotations

Branches:
Dungeon (2/15)

Altars:
Vehumet


Innate Abilities, Weirdness & Mutations

You are resistant to torment.
Your stone body is resilient. (AC +3)
You are immune to poison.
You resist negative energy. (rN+)
You are resistant to electric shocks. (rElec)
You can survive without breathing.
You are immune to petrification.
You are immune to rotting.


Message History

The hobgoblin hits you but does no damage.
You hit the hobgoblin.
The hobgoblin is moderately wounded.
The hobgoblin hits you but does no damage.
You hit the hobgoblin.
You kill the hobgoblin!
No target in view!
Some of the chunks of flesh in your inventory have rotted away.
You see here a spear.
There is a stone staircase leading down here.
You see here a club.
There is a stone staircase leading up here.
You climb upwards.
There is a stone staircase leading down here.
Things that are here:
a club x2
There is an open door here.
There is a staircase leading out of the dungeon here.
Are you sure you want to leave the Dungeon?
This will make you lose the game!
You have escaped!

..## ##.##...# #.##.## ##....
...####...##.######.#...####.....
...+......(................'.....
...####...##.######.#.>.#.##.....
..## ##.##..# #......#.###....
.## ###.(.#####.##.#.#.# ##... ##
##.##.....##.....# ##.. #
#.##.###.####.### ##+ #.##.+@'.#
#.# ######. #.##.###.# #.#
#...... # #.##.....# #.###.####.
### #.######## #.#........ ..##
#.# #...#.#.#.# ##.########.#
###........ ............#
#.#.#.#.# .#.########## #........
..## #.#.#.#.#


There were no monsters in sight!

Vanquished Creatures
  Terence (D:2)
  An adder (D:2)
  2 worms (D:2)
  A dart slug (D:1)
  2 leopard geckos (D:1)
  A giant cockroach (D:1)
  6 goblins
  3 hobgoblins
  9 jackals (D:1)
  3 kobolds (D:1)
  A ball python (D:1)
  5 bats
  2 frilled lizards
  5 rats
42 creatures vanquished.

Notes
Turn   | Place    | Note
-------+----------+-------------------------------------------
     0 | D:1      | Scuka the Gargoyle Fighter began the quest for the Orb.
     0 | D:1      | Reached XP level 1. HP: 14/14 MP: 1/1
   173 | D:1      | Reached XP level 2. HP: 14/19 MP: 2/2
   243 | D:1      | Reached skill level 3 in Maces & Flails
   465 | D:1      | Reached XP level 3. HP: 23/23 MP: 3/3
   975 | D:2      | Reached skill level 4 in Maces & Flails
   977 | D:2      | Found a radiant altar of Vehumet.
  1023 | D:2      | Reached XP level 4. HP: 28/28 MP: 4/4
  1159 | D:2      | Noticed Terence
  1184 | D:2      | Killed Terence
  1352 | D:$      | Got out of the dungeon alive.

Vault maps used:
D:1:      dpeg_arrival_tiny_d, serial_glass, glass_columns_c, glass_columns_a,
          corexii_leaking_fountain
D:2:      fiery_altar_vehumet, uniq_terence

Skill      XL: |  1  2  3 |
---------------+----------+-----
Maces & Flails | 3 4 |  4.6
Fighting       | |  3.2
Armour         | |  3.2
Shields        | |  3.2

Action                   |  1- 3 |  4- 6 || total
-------------------------+-------+-------++-------
Melee: Flail             |   101 |     9 ||   110
       Mace              |    63 |    26 ||    89
  Use: Scroll            |       |     3 ||     3
  Eat: Chunk             |     1 |     1 ||     2
Armor: Scale mail        |    58 |       ||    58
       Chain mail        |    56 |    26 ||    82
Dodge: Dodged            |    55 |     7 ||    62
Block: Shield            |   124 |    10 ||   134

Table legend:
 A = Non-vault XP
 B = Vault XP
 C = Vault XP percentage of total XP
 D = Non-vault monster count
 E = Vault monster count
 F = Vault count percentage of total count
                 A         B        C        D         E       F
            +---------+---------+-------+---------+---------+-------
      Total |      92 |      32 |  25.8 |      41 |       1 |   2.4
            +---------+---------+-------+---------+---------+-------
        D:1 |      59 |       0 |   0.0 |      32 |       0 |   0.0
        D:2 |      33 |      32 |  49.2 |       9 |       1 |  10.0
            +---------+---------+-------+---------+---------+-------
